Wild vs Hurricanes

Created - January 19 2008 at 12:02

Goals
1 2 3 T
Wild 0 2 1 3
Hurricanes 3 2 0 5
Shots
1 2 3 T
Wild 8 7 10 25
Hurricanes 10 17 5 32

Period #1

1. Hurricanes , Kevin Bieksa 5 (Ladislav Nagy, Mikko Koivu) at 5:35 (PP)
2. Hurricanes , Pavol Demitra 14 (Sergei Gonchar, Eric Staal) at 10:10 (PP)
3. Hurricanes , Shawn Bates 3 (Pavol Demitra, Brendan Morrison) at 18:36

Penalties :
Jozef Stumpel (MIN) for High sticking (Minor) at 4:49, Jed Ortmeyer (CAR) for Tripping (Minor) at 5:37, Niclas Havelid (MIN) for Hooking (Minor) at 8:44, Aaron Ward (CAR) for Holding Stick (Minor) at 10:13, Eric Belanger (CAR) for Diving (Minor) at 11:34, Sean Hill (MIN) for Tripping (Minor) at 11:34, Eric Staal (CAR) for Hooking (Minor) at 12:24, Chris Higgins (MIN) for Tripping (Minor) at 16:14

Period #2

4. Hurricanes , Aaron Ward 3 (Brendan Morrison, Pavol Demitra) at 1:38
5. Wild , Brian Rolston 14 (Rod Brind'Amour, Chris Higgins) at 5:08
6. Wild , Michal Rozsival 9 (Joe Sakic, Philippe Boucher) at 9:11 (PP)
7. Hurricanes , Erik Cole 13 (Joe Corvo, Ray Whitney) at 12:05

Penalties :
Kim Johnsson (MIN) for Cross-checking (Minor) at 2:25, Sergei Gonchar (CAR) for Cross-checking (Minor) at 8:57, Aaron Ward (CAR) for Hooking (Minor) at 12:55, Sean Hill (MIN) for Tripping (Minor) at 15:56

Period #3

8. Wild , Wes Walz 4 (Duncan Keith, Chris Simon) at 16:07

Penalties :
Erik Cole (CAR) for Tripping (Minor) at 3:12, Sean Hill (MIN) for Holding (Minor) at 5:34, Jozef Stumpel (MIN) for Cross-checking (Minor) at 10:33, Eric Staal (CAR) for Slashing (Minor) at 13:44, Chris Higgins (MIN) for Roughing (Minor) at 18:27

Goalie Stats

Manny Fernandez (MIN), 21 saves from 23 shots - (0.913), L, 4-6-1, 41:24 minutes
Manny Legace (MIN), 6 saves from 9 shots - (0.667), 18:36 minutes
Cristobal Huet (CAR), 22 saves from 25 shots - (0.880), W, 15-22-2, 60:00 minutes

Players Stats

Wild
Player Name              G  A  P  +/- PIM S  H  SB FO MP 
-----------------------------------------------------------
Brian Rolston            1  0  1   0  0   5  0  0  2  18 
Chris Higgins            0  1  1   0  4   1  0  0  2  16 
Chris Simon              0  1  1  -1  0   0  2  0  0  16 
Duncan Keith             0  1  1   1  0   0  0  0  0  13 
Joe Sakic                0  1  1  -1  0   0  2  0  27 20 
Jozef Stumpel            0  0  0   0  4   1  1  0  1  21 
Kim Johnsson             0  0  0  -2  2   0  1  0  0  7  
Kurtis Foster            0  0  0   0  0   0  0  0  0  2  
Marian Gaborik           0  0  0   0  0   4  2  0  2  16 
Mathieu Schneider        0  0  0   0  0   1  0  1  0  18 
Michal Rozsival          1  0  1   0  0   4  0  1  0  24 
Mikael Samuelsson        0  0  0  -1  0   3  1  1  1  16 
Niclas Havelid           0  0  0  -1  2   3  1  0  0  16 
Patrick Rissmiller       0  0  0   0  0   0  0  0  1  8  
Philippe Boucher         0  1  1   0  0   1  2  1  0  24 
Rod Brind'Amour          0  1  1   0  0   1  1  0  33 25 
Sean Hill                0  0  0   0  6   0  3  3  0  23 
Wes Walz                 1  0  1   0  0   1  1  1  26 20 
Hurricanes
Player Name              G  A  P  +/- PIM S  H  SB FO MP 
-----------------------------------------------------------
Aaron Miller             0  0  0   1  0   0  1  5  0  20 
Aaron Ward               1  0  1   1  4   1  2  2  0  18 
Brendan Morrison         0  2  2   1  0   5  2  0  18 16 
Brent Sopel              0  0  0   0  0   2  0  0  0  23 
Cory Stillman            0  0  0   0  0   0  0  0  0  2  
Eric Belanger            0  0  0   0  2   0  0  0  10 6  
Eric Staal               0  1  1   0  4   1  3  0  26 19 
Erik Cole                1  0  1   0  2   2  5  0  0  22 
Jed Ortmeyer             0  0  0   0  2   0  1  0  0  2  
Joe Corvo                0  1  1   0  0   0  0  0  0  19 
Kevin Bieksa             1  0  1   0  0   3  2  0  0  24 
Ladislav Nagy            0  1  1   0  0   1  0  0  1  18 
Mikko Koivu              0  1  1   0  0   3  1  0  36 24 
Pavol Demitra            1  2  3   1  0   3  2  0  1  25 
Ray Whitney              0  1  1   0  0   5  2  0  0  22 
Sergei Gonchar           0  1  1   0  2   1  4  1  0  21 
Shawn Bates              1  0  1   1  0   5  2  0  3  19 
Tom Kostopoulos          0  0  0   0  0   0  0  0  0  2  

3 Stars

1 - Pavol Demitra (CAR)
2 - Erik Cole (CAR)
3 - Aaron Ward (CAR)

Power Play

Wild - 1 on 7 Attempt(s) - 14.29%
Hurricanes - 2 on 8 Attempt(s) - 25.00%

Penalty Kill

Wild - 6 on 8 Attempt(s) - 75.00% - Score 0 goal in Penalty Kill
Hurricanes - 6 on 7 Attempt(s) - 85.71% - Score 0 goal in Penalty Kill

Game Notes

Jed Ortmeyer is injured at 7:52 of 1st period (Strained Right Elbow)
Manny Fernandez enters game at 18:36 of 1st period
Kim Johnsson is injured at 8:57 of 2nd period (Left Foot)

Finance

Level 1 -- Attendance: 3714 (61.91%) -- Ticket Income $352,830.00
Level 2 -- Attendance: 4088 (81.76%) -- Ticket Income $224,840.00
Level 3 -- Attendance: 1247 (62.34%) -- Ticket Income $43,645.00
Level 4 -- Attendance: 3569 (89.23%) -- Ticket Income $71,380.00
Luxury Box -- Attendance: 661 (66.12%) -- Ticket Income $128,895.00
Game was played at the RBC Center
Total Attendance: 13279 (70.90%)
Total Ticket Income: $831,945.40
Other Income: $164,008.50
Total Income: $995,953.00


Play by Play

Period #1

0:01 of 1st period - Eric Staal wins face-off versus Joe Sakic in neutral zone.
0:04 of 1st period - Jozef Stumpel is hit by Eric Staal and loses puck.
0:12 of 1st period - Michal Rozsival is hit by Ray Whitney and loses puck.
0:17 of 1st period - Shot by Marian Gaborik.
0:17 of 1st period - Stopped by Cristobal Huet with a rebound.
0:19 of 1st period - Shot by Marian Gaborik.
0:19 of 1st period - Shot Blocked by Sergei Gonchar.
1:20 of 1st period - Shot by Erik Cole.
1:20 of 1st period - Stopped by Manny Legace with a rebound.
1:46 of 1st period - Icing by Erik Cole.
1:47 of 1st period - Mikko Koivu wins face-off versus Wes Walz in Hurricanes zone.
1:47 of 1st period - Mikko Koivu is hit by Chris Simon.
2:13 of 1st period - Shot by Shawn Bates.
2:13 of 1st period - Shot Misses the Net.
2:29 of 1st period - Shot by Brendan Morrison.
2:29 of 1st period - Stopped by Manny Legace without a rebound.
2:30 of 1st period - Joe Sakic wins face-off versus Eric Staal in Wild zone.
2:30 of 1st period - Joe Sakic is hit by Eric Staal.
2:58 of 1st period - Shot by Sergei Gonchar.
2:58 of 1st period - Shot Blocked by Philippe Boucher.
3:00 of 1st period - Shot by Sergei Gonchar.
3:00 of 1st period - Stopped by Manny Legace without a rebound.
3:01 of 1st period - Shawn Bates wins face-off versus Rod Brind'Amour in Wild zone.
4:08 of 1st period - Shot by Ladislav Nagy.
4:08 of 1st period - Stopped by Manny Legace without a rebound.
4:09 of 1st period - Eric Staal wins face-off versus Joe Sakic in Wild zone.
4:49 of 1st period - Minor Penalty to Jozef Stumpel for High sticking.
4:50 of 1st period - Rod Brind'Amour wins face-off versus Mikko Koivu in Hurricanes zone.
4:50 of 1st period - Rod Brind'Amour is hit by Kevin Bieksa.
5:07 of 1st period - Icing by Mikko Koivu.
5:08 of 1st period - Wes Walz wins face-off versus Mikko Koivu in Hurricanes zone.
5:25 of 1st period - Shot by Kevin Bieksa.
5:25 of 1st period - Shot Misses the Net.
5:27 of 1st period - Shot by Mikko Koivu.
5:27 of 1st period - Shot Blocked by Sean Hill.
5:35 of 1st period - Shot by Kevin Bieksa.
5:35 of 1st period - Goal by Kevin Bieksa - Wild : 0 - Hurricanes : 1.
5:36 of 1st period - Wes Walz wins face-off versus Brendan Morrison in neutral zone.
5:36 of 1st period - Wes Walz is hit by Jed Ortmeyer.
5:37 of 1st period - Minor Penalty to Jed Ortmeyer for Tripping.
5:38 of 1st period - Joe Sakic wins face-off versus Mikko Koivu in neutral zone.
5:58 of 1st period - Marian Gaborik is hit by Aaron Ward and loses puck.
6:01 of 1st period - Shot by Marian Gaborik.
6:01 of 1st period - Shot Misses the Net.
6:03 of 1st period - Shot by Joe Sakic.
6:03 of 1st period - Shot Blocked by Aaron Ward.
6:07 of 1st period - Shot by Jozef Stumpel.
6:07 of 1st period - Stopped by Cristobal Huet without a rebound.
6:08 of 1st period - Eric Belanger wins face-off versus Rod Brind'Amour in Hurricanes zone.
6:20 of 1st period - Icing by Brian Rolston.
6:21 of 1st period - Eric Belanger wins face-off versus Chris Higgins in Wild zone.
6:44 of 1st period - Shot by Mathieu Schneider.
6:44 of 1st period - Shot Misses the Net.
6:46 of 1st period - Shot by Chris Higgins.
6:46 of 1st period - Stopped by Cristobal Huet without a rebound.
6:47 of 1st period - Eric Belanger wins face-off versus Joe Sakic in Hurricanes zone.
7:14 of 1st period - Shot by Marian Gaborik.
7:14 of 1st period - Stopped by Cristobal Huet without a rebound.
7:15 of 1st period - Rod Brind'Amour wins face-off versus Mikko Koivu in Hurricanes zone.
7:16 of 1st period - Shot by Mathieu Schneider.
7:16 of 1st period - Stopped by Cristobal Huet without a rebound.
7:17 of 1st period - Rod Brind'Amour wins face-off versus Mikko Koivu in Hurricanes zone.
7:50 of 1st period - Shot by Mikael Samuelsson.
7:50 of 1st period - Stopped by Cristobal Huet without a rebound.
7:51 of 1st period - Brendan Morrison wins face-off versus Joe Sakic in Hurricanes zone.
7:51 of 1st period - Jed Ortmeyer is hit by Marian Gaborik and loses puck.
7:52 of 1st period - Jed Ortmeyer from Hurricanes is injured at 7:52 of 1st period (Strained Right Elbow).
7:53 of 1st period - Eric Staal wins face-off versus Joe Sakic in Hurricanes zone.
7:53 of 1st period - Eric Staal is hit by Jozef Stumpel.
7:59 of 1st period - Shot by Ray Whitney.
7:59 of 1st period - Stopped by Manny Legace without a rebound.
8:00 of 1st period - Brendan Morrison wins face-off versus Wes Walz in Wild zone.
8:24 of 1st period - Brendan Morrison is hit by Niclas Havelid and loses puck.
8:44 of 1st period - Minor Penalty to Niclas Havelid for Hooking.
8:45 of 1st period - Mikko Koivu wins face-off versus Rod Brind'Amour in Wild zone.
9:23 of 1st period - Icing by Kevin Bieksa.
9:24 of 1st period - Rod Brind'Amour wins face-off versus Mikko Koivu in Hurricanes zone.
9:39 of 1st period - Wes Walz is hit by Erik Cole and loses puck.
10:08 of 1st period - Shot by Sergei Gonchar.
10:08 of 1st period - Shot Misses the Net.
10:10 of 1st period - Shot by Pavol Demitra.
10:10 of 1st period - Goal by Pavol Demitra - Wild : 0 - Hurricanes : 2.
10:11 of 1st period - Rod Brind'Amour wins face-off versus Brendan Morrison in neutral zone.
10:13 of 1st period - Minor Penalty to Aaron Ward for Holding Stick.
10:14 of 1st period - Rod Brind'Amour wins face-off versus Mikko Koivu in Hurricanes zone.
10:18 of 1st period - Brian Rolston is hit by Sergei Gonchar and loses puck.
10:25 of 1st period - Shot by Brian Rolston.
10:25 of 1st period - Shot Misses the Net.
10:31 of 1st period - Shot by Rod Brind'Amour.
10:31 of 1st period - Deflect By Chris Higgins.
10:31 of 1st period - Shot Misses the Net.
10:35 of 1st period - Shot by Brian Rolston.
10:35 of 1st period - Stopped by Cristobal Huet without a rebound.
10:36 of 1st period - Joe Sakic wins face-off versus Eric Belanger in Hurricanes zone.
11:34 of 1st period - Minor Penalty to Eric Belanger for Diving.
11:34 of 1st period - Minor Penalty to Sean Hill for Tripping.
11:35 of 1st period - Mikko Koivu wins face-off versus Rod Brind'Amour in Wild zone.
11:54 of 1st period - Shot by Mikko Koivu.
11:54 of 1st period - Shot Misses the Net.
12:24 of 1st period - Minor Penalty to Eric Staal for Hooking.
12:25 of 1st period - Joe Sakic wins face-off versus Pavol Demitra in Wild zone.
14:35 of 1st period - Mikael Samuelsson is hit by Shawn Bates.
14:46 of 1st period - Off-side.
14:47 of 1st period - Eric Staal wins face-off versus Rod Brind'Amour in neutral zone.
14:59 of 1st period - Icing by Joe Corvo.
15:00 of 1st period - Wes Walz wins face-off versus Eric Staal in Hurricanes zone.
15:04 of 1st period - Mikael Samuelsson is hit by Sergei Gonchar.
15:33 of 1st period - Icing by Kim Johnsson.
15:34 of 1st period - Brendan Morrison wins face-off versus Wes Walz in Wild zone.
16:03 of 1st period - Shot by Brendan Morrison.
16:03 of 1st period - Stopped by Manny Legace without a rebound.
16:04 of 1st period - Rod Brind'Amour wins face-off versus Mikko Koivu in Wild zone.
16:14 of 1st period - Minor Penalty to Chris Higgins for Tripping.
16:15 of 1st period - Rod Brind'Amour wins face-off versus Mikko Koivu in Hurricanes zone.
17:43 of 1st period - Icing by Erik Cole.
17:44 of 1st period - Mikko Koivu wins face-off versus Wes Walz in Hurricanes zone.
18:32 of 1st period - Shot by Shawn Bates.
18:32 of 1st period - Shot Misses the Net.
18:36 of 1st period - Shot by Shawn Bates.
18:36 of 1st period - Goal by Shawn Bates - Wild : 0 - Hurricanes : 3.
18:36 of 1st period - Manny Fernandez enters game.
18:37 of 1st period - Rod Brind'Amour wins face-off versus Shawn Bates in neutral zone.
19:33 of 1st period - Icing by Michal Rozsival.
19:34 of 1st period - Mikko Koivu wins face-off versus Marian Gaborik in Wild zone.
19:45 of 1st period - Shot by Brent Sopel.
19:45 of 1st period - Stopped by Manny Fernandez without a rebound.
19:46 of 1st period - Wes Walz wins face-off versus Eric Staal in Wild zone.
19:56 of 1st period - Shot by Mikael Samuelsson.
19:56 of 1st period - Stopped by Cristobal Huet without a rebound.
19:57 of 1st period - Wes Walz wins face-off versus Ladislav Nagy in Hurricanes zone.
19:58 of 1st period - Shot by Mikael Samuelsson.
19:58 of 1st period - Shot Misses the Net.

Period #2

0:01 of 2nd period - Joe Sakic wins face-off versus Eric Staal in neutral zone.
0:01 of 2nd period - Philippe Boucher is hit by Pavol Demitra and loses puck.
0:05 of 2nd period - Jozef Stumpel is hit by Sergei Gonchar and loses puck.
0:08 of 2nd period - Shot by Michal Rozsival.
0:08 of 2nd period - Stopped by Cristobal Huet without a rebound.
0:09 of 2nd period - Rod Brind'Amour wins face-off versus Mikko Koivu in Hurricanes zone.
0:54 of 2nd period - Shot by Rod Brind'Amour.
0:54 of 2nd period - Shot Misses the Net.
1:22 of 2nd period - Shot by Pavol Demitra.
1:22 of 2nd period - Stopped by Manny Fernandez without a rebound.
1:23 of 2nd period - Brendan Morrison wins face-off versus Wes Walz in Wild zone.
1:23 of 2nd period - Brendan Morrison is hit by Kim Johnsson.
1:27 of 2nd period - Shot by Shawn Bates.
1:27 of 2nd period - Stopped by Manny Fernandez without a rebound.
1:28 of 2nd period - Wes Walz wins face-off versus Brendan Morrison in Wild zone.
1:28 of 2nd period - Wes Walz is hit by Shawn Bates.
1:36 of 2nd period - Shot by Brendan Morrison.
1:36 of 2nd period - Shot Misses the Net.
1:38 of 2nd period - Shot by Aaron Ward.
1:38 of 2nd period - Goal by Aaron Ward - Wild : 0 - Hurricanes : 4.
1:39 of 2nd period - Eric Staal wins face-off versus Joe Sakic in neutral zone.
1:58 of 2nd period - Shot by Eric Staal.
1:58 of 2nd period - Shot Misses the Net.
2:02 of 2nd period - Shot by Eric Staal.
2:02 of 2nd period - Stopped by Manny Fernandez without a rebound.
2:03 of 2nd period - Wes Walz wins face-off versus Brendan Morrison in Wild zone.
2:17 of 2nd period - Shot by Brendan Morrison.
2:17 of 2nd period - Deflect By Ray Whitney.
2:17 of 2nd period - Shot Blocked by Mikael Samuelsson.
2:21 of 2nd period - Shot by Ray Whitney.
2:21 of 2nd period - Stopped by Manny Fernandez with a rebound.
2:23 of 2nd period - Shot by Shawn Bates.
2:23 of 2nd period - Stopped by Manny Fernandez with a rebound.
2:25 of 2nd period - Shot by Brendan Morrison.
2:25 of 2nd period - Stopped by Manny Fernandez without a rebound.
2:25 of 2nd period - Minor Penalty to Kim Johnsson for Cross-checking.
2:26 of 2nd period - Mikko Koivu wins face-off versus Rod Brind'Amour in Wild zone.
2:26 of 2nd period - Erik Cole is hit by Sean Hill and loses puck.
2:47 of 2nd period - Mikko Koivu is hit by Sean Hill and loses puck.
2:54 of 2nd period - Shot by Kevin Bieksa.
2:54 of 2nd period - Stopped by Manny Fernandez without a rebound.
2:55 of 2nd period - Wes Walz wins face-off versus Eric Staal in Wild zone.
2:55 of 2nd period - Wes Walz is hit by Eric Staal.
3:41 of 2nd period - Icing by Eric Staal.
3:42 of 2nd period - Wes Walz wins face-off versus Eric Staal in Hurricanes zone.
4:21 of 2nd period - Shot by Mikko Koivu.
4:21 of 2nd period - Stopped by Manny Fernandez without a rebound.
4:22 of 2nd period - Rod Brind'Amour wins face-off versus Mikko Koivu in Wild zone.
4:46 of 2nd period - Icing by Aaron Miller.
4:47 of 2nd period - Rod Brind'Amour wins face-off versus Brendan Morrison in Hurricanes zone.
5:03 of 2nd period - Rod Brind'Amour is hit by Aaron Miller and loses puck.
5:08 of 2nd period - Shot by Brian Rolston.
5:08 of 2nd period - Goal by Brian Rolston - Wild : 1 - Hurricanes : 4.
5:09 of 2nd period - Joe Sakic wins face-off versus Mikko Koivu in neutral zone.
5:16 of 2nd period - Shot by Marian Gaborik.
5:16 of 2nd period - Stopped by Cristobal Huet with a rebound.
6:46 of 2nd period - Shot by Brendan Morrison.
6:46 of 2nd period - Stopped by Manny Fernandez with a rebound.
7:45 of 2nd period - Off-side.
7:46 of 2nd period - Mikko Koivu wins face-off versus Joe Sakic in neutral zone.
8:27 of 2nd period - Off-side.
8:28 of 2nd period - Brendan Morrison wins face-off versus Rod Brind'Amour in neutral zone.
8:53 of 2nd period - Shot by Brian Rolston.
8:53 of 2nd period - Deflect By Rod Brind'Amour.
8:53 of 2nd period - Shot Misses the Net.
8:55 of 2nd period - Shot by Rod Brind'Amour.
8:55 of 2nd period - Stopped by Cristobal Huet without a rebound.
8:56 of 2nd period - Mikael Samuelsson wins face-off versus Eric Staal in Hurricanes zone.
8:56 of 2nd period - Kim Johnsson is hit by Sergei Gonchar.
8:57 of 2nd period - Minor Penalty to Sergei Gonchar for Cross-checking.
8:57 of 2nd period - Kim Johnsson from Wild is injured at 8:57 of 2nd period (Left Foot).
8:58 of 2nd period - Joe Sakic wins face-off versus Eric Belanger in Hurricanes zone.
9:11 of 2nd period - Shot by Michal Rozsival.
9:11 of 2nd period - Goal by Michal Rozsival - Wild : 2 - Hurricanes : 4.
9:12 of 2nd period - Wes Walz wins face-off versus Eric Staal in neutral zone.
9:48 of 2nd period - Shot by Eric Staal.
9:48 of 2nd period - Shot Blocked by Michal Rozsival.
10:13 of 2nd period - Brian Rolston is hit by Aaron Ward and loses puck.
10:26 of 2nd period - Shot by Pavol Demitra.
10:26 of 2nd period - Shot Hit the Post.
10:33 of 2nd period - Off-side.
10:34 of 2nd period - Mikko Koivu wins face-off versus Joe Sakic in neutral zone.
10:38 of 2nd period - Ladislav Nagy is hit by Philippe Boucher and loses puck.
11:19 of 2nd period - Icing by Joe Sakic.
11:20 of 2nd period - Joe Sakic wins face-off versus Brendan Morrison in Wild zone.
11:24 of 2nd period - Off-side.
11:25 of 2nd period - Wes Walz wins face-off versus Brendan Morrison in neutral zone.
11:25 of 2nd period - Wes Walz is hit by Brendan Morrison.
11:33 of 2nd period - Shot by Mikael Samuelsson.
11:33 of 2nd period - Shot Misses the Net.
11:47 of 2nd period - Shot by Niclas Havelid.
11:47 of 2nd period - Stopped by Cristobal Huet without a rebound.
11:48 of 2nd period - Eric Staal wins face-off versus Brian Rolston in Hurricanes zone.
12:01 of 2nd period - Shot by Ray Whitney.
12:01 of 2nd period - Shot Misses the Net.
12:05 of 2nd period - Shot by Erik Cole.
12:05 of 2nd period - Goal by Erik Cole - Wild : 2 - Hurricanes : 5.
12:06 of 2nd period - Wes Walz wins face-off versus Mikko Koivu in neutral zone.
12:06 of 2nd period - Mikael Samuelsson is hit by Erik Cole.
12:32 of 2nd period - Shot by Mikael Samuelsson.
12:32 of 2nd period - Shot Misses the Net.
12:34 of 2nd period - Shot by Niclas Havelid.
12:34 of 2nd period - Stopped by Cristobal Huet without a rebound.
12:35 of 2nd period - Rod Brind'Amour wins face-off versus Brendan Morrison in Hurricanes zone.
12:47 of 2nd period - Rod Brind'Amour is hit by Brendan Morrison and loses puck.
12:55 of 2nd period - Minor Penalty to Aaron Ward for Hooking.
12:56 of 2nd period - Eric Belanger wins face-off versus Joe Sakic in Hurricanes zone.
15:19 of 2nd period - Sergei Gonchar is hit by Chris Simon and loses puck.
15:23 of 2nd period - Icing by Erik Cole.
15:24 of 2nd period - Eric Staal wins face-off versus Wes Walz in Hurricanes zone.
15:47 of 2nd period - Shot by Mikko Koivu.
15:47 of 2nd period - Shot Misses the Net.
15:49 of 2nd period - Shot by Ladislav Nagy.
15:49 of 2nd period - Shot Misses the Net.
15:53 of 2nd period - Shot by Mikko Koivu.
15:53 of 2nd period - Shot Misses the Net.
15:55 of 2nd period - Shot by Kevin Bieksa.
15:55 of 2nd period - Stopped by Manny Fernandez without a rebound.
15:56 of 2nd period - Brendan Morrison wins face-off versus Rod Brind'Amour in Wild zone.
15:56 of 2nd period - Minor Penalty to Sean Hill for Tripping.
15:57 of 2nd period - Rod Brind'Amour wins face-off versus Mikko Koivu in Wild zone.
16:16 of 2nd period - Shot by Mikko Koivu.
16:16 of 2nd period - Stopped by Manny Fernandez with a rebound.
16:31 of 2nd period - Off-side.
16:32 of 2nd period - Rod Brind'Amour wins face-off versus Eric Staal in neutral zone.
17:20 of 2nd period - Shot by Brent Sopel.
17:20 of 2nd period - Stopped by Manny Fernandez without a rebound.
17:21 of 2nd period - Rod Brind'Amour wins face-off versus Mikko Koivu in Wild zone.
17:21 of 2nd period - Michal Rozsival is hit by Erik Cole and loses puck.
18:07 of 2nd period - Shot by Ray Whitney.
18:07 of 2nd period - Stopped by Manny Fernandez with a rebound.
18:15 of 2nd period - Shot by Brendan Morrison.
18:15 of 2nd period - Stopped by Manny Fernandez without a rebound.
18:16 of 2nd period - Brendan Morrison wins face-off versus Joe Sakic in Wild zone.
18:36 of 2nd period - Icing by Sean Hill.
18:37 of 2nd period - Eric Staal wins face-off versus Joe Sakic in Wild zone.
19:30 of 2nd period - Shot by Pavol Demitra.
19:30 of 2nd period - Shot Misses the Net.
19:34 of 2nd period - Shot by Pavol Demitra.
19:34 of 2nd period - Shot Misses the Net.
19:38 of 2nd period - Shot by Pavol Demitra.
19:38 of 2nd period - Stopped by Manny Fernandez without a rebound.
19:39 of 2nd period - Rod Brind'Amour wins face-off versus Mikko Koivu in Wild zone.
19:39 of 2nd period - Rod Brind'Amour is hit by Mikko Koivu.
19:42 of 2nd period - Icing by Jozef Stumpel.
19:43 of 2nd period - Jozef Stumpel wins face-off versus Mikko Koivu in Wild zone.

Period #3

0:01 of 3rd period - Joe Sakic wins face-off versus Eric Staal in neutral zone.
0:13 of 3rd period - Joe Corvo is hit by Marian Gaborik and loses puck.
1:02 of 3rd period - Shot by Sean Hill.
1:02 of 3rd period - Shot Misses the Net.
1:07 of 3rd period - Off-side.
1:08 of 3rd period - Wes Walz wins face-off versus Brendan Morrison in neutral zone.
1:11 of 3rd period - Aaron Miller is hit by Wes Walz and loses puck.
1:28 of 3rd period - Shot by Shawn Bates.
1:28 of 3rd period - Stopped by Manny Fernandez with a rebound.
1:48 of 3rd period - Shot by Erik Cole.
1:48 of 3rd period - Shot Misses the Net.
1:52 of 3rd period - Shot by Erik Cole.
1:52 of 3rd period - Shot Blocked by Sean Hill.
2:20 of 3rd period - Shot by Ray Whitney.
2:20 of 3rd period - Deflect By Ladislav Nagy.
2:20 of 3rd period - Shot Blocked by Sean Hill.
2:24 of 3rd period - Shot by Ray Whitney.
2:24 of 3rd period - Stopped by Manny Fernandez without a rebound.
2:25 of 3rd period - Eric Staal wins face-off versus Rod Brind'Amour in Wild zone.
2:42 of 3rd period - Shot by Brian Rolston.
2:42 of 3rd period - Stopped by Cristobal Huet without a rebound.
2:43 of 3rd period - Mikko Koivu wins face-off versus Joe Sakic in Hurricanes zone.
2:43 of 3rd period - Mikko Koivu is hit by Joe Sakic.
2:46 of 3rd period - Icing by Erik Cole.
2:47 of 3rd period - Joe Sakic wins face-off versus Mikko Koivu in Hurricanes zone.
2:51 of 3rd period - Joe Sakic is hit by Kevin Bieksa.
3:12 of 3rd period - Minor Penalty to Erik Cole for Tripping.
3:13 of 3rd period - Mikko Koivu wins face-off versus Brian Rolston in neutral zone.
3:19 of 3rd period - Icing by Mathieu Schneider.
3:20 of 3rd period - Mikko Koivu wins face-off versus Rod Brind'Amour in Wild zone.
4:20 of 3rd period - Shot by Mikko Koivu.
4:20 of 3rd period - Stopped by Manny Fernandez without a rebound.
4:21 of 3rd period - Eric Belanger wins face-off versus Joe Sakic in Wild zone.
4:45 of 3rd period - Shot by Joe Sakic.
4:45 of 3rd period - Shot Misses the Net.
4:47 of 3rd period - Shot by Michal Rozsival.
4:47 of 3rd period - Shot Blocked by Aaron Miller.
4:49 of 3rd period - Shot by Philippe Boucher.
4:49 of 3rd period - Shot Blocked by Aaron Miller.
4:51 of 3rd period - Shot by Philippe Boucher.
4:51 of 3rd period - Stopped by Cristobal Huet without a rebound.
4:52 of 3rd period - Joe Sakic wins face-off versus Eric Belanger in Hurricanes zone.
5:34 of 3rd period - Minor Penalty to Sean Hill for Holding.
5:35 of 3rd period - Eric Staal wins face-off versus Rod Brind'Amour in Wild zone.
6:00 of 3rd period - Icing by Ray Whitney.
6:01 of 3rd period - Eric Staal wins face-off versus Wes Walz in Hurricanes zone.
6:37 of 3rd period - Erik Cole is hit by Philippe Boucher and loses puck.
7:16 of 3rd period - Shot by Ray Whitney.
7:16 of 3rd period - Stopped by Manny Fernandez without a rebound.
7:17 of 3rd period - Wes Walz wins face-off versus Eric Staal in Wild zone.
7:33 of 3rd period - Sergei Gonchar is hit by Rod Brind'Amour and loses puck.
7:54 of 3rd period - Shot by Chris Simon.
7:54 of 3rd period - Shot Blocked by Aaron Miller.
7:56 of 3rd period - Shot by Wes Walz.
7:56 of 3rd period - Shot Misses the Net.
7:58 of 3rd period - Shot by Chris Simon.
7:58 of 3rd period - Shot Misses the Net.
8:02 of 3rd period - Shot by Niclas Havelid.
8:02 of 3rd period - Stopped by Cristobal Huet without a rebound.
8:03 of 3rd period - Joe Sakic wins face-off versus Brendan Morrison in Hurricanes zone.
9:24 of 3rd period - Shot by Ray Whitney.
9:24 of 3rd period - Shot Blocked by Mathieu Schneider.
10:20 of 3rd period - Off-side.
10:21 of 3rd period - Joe Sakic wins face-off versus Mikko Koivu in neutral zone.
10:21 of 3rd period - Marian Gaborik is hit by Erik Cole and loses puck.
10:30 of 3rd period - Shot by Marian Gaborik.
10:30 of 3rd period - Shot Misses the Net.
10:33 of 3rd period - Minor Penalty to Jozef Stumpel for Cross-checking.
10:34 of 3rd period - Rod Brind'Amour wins face-off versus Mikko Koivu in Hurricanes zone.
10:40 of 3rd period - Icing by Brent Sopel.
10:41 of 3rd period - Mikko Koivu wins face-off versus Wes Walz in Hurricanes zone.
12:45 of 3rd period - Shawn Bates is hit by Sean Hill and loses puck.
12:54 of 3rd period - Shot by Shawn Bates.
12:54 of 3rd period - Stopped by Manny Fernandez without a rebound.
12:55 of 3rd period - Marian Gaborik wins face-off versus Brendan Morrison in Wild zone.
12:55 of 3rd period - Mathieu Schneider is hit by Erik Cole.
13:22 of 3rd period - Shawn Bates is hit by Mikael Samuelsson and loses puck.
13:33 of 3rd period - Shot by Marian Gaborik.
13:33 of 3rd period - Stopped by Cristobal Huet without a rebound.
13:34 of 3rd period - Rod Brind'Amour wins face-off versus Eric Staal in Hurricanes zone.
13:37 of 3rd period - Shot by Brian Rolston.
13:37 of 3rd period - Stopped by Cristobal Huet without a rebound.
13:38 of 3rd period - Eric Staal wins face-off versus Rod Brind'Amour in Hurricanes zone.
13:43 of 3rd period - Rod Brind'Amour is hit by Ray Whitney and loses puck.
13:44 of 3rd period - Minor Penalty to Eric Staal for Slashing.
13:45 of 3rd period - Chris Higgins wins face-off versus Eric Belanger in Wild zone.
13:45 of 3rd period - Chris Higgins is hit by Pavol Demitra.
13:53 of 3rd period - Shot by Mathieu Schneider.
13:53 of 3rd period - Shot Misses the Net.
14:49 of 3rd period - Shot by Philippe Boucher.
14:49 of 3rd period - Shot Misses the Net.
14:51 of 3rd period - Shot by Joe Sakic.
14:51 of 3rd period - Shot Misses the Net.
14:55 of 3rd period - Shot by Jozef Stumpel.
14:55 of 3rd period - Shot Misses the Net.
14:57 of 3rd period - Shot by Michal Rozsival.
14:57 of 3rd period - Stopped by Cristobal Huet with a rebound.
14:59 of 3rd period - Shot by Marian Gaborik.
14:59 of 3rd period - Shot Misses the Net.
15:01 of 3rd period - Shot by Marian Gaborik.
15:01 of 3rd period - Shot Misses the Net.
15:05 of 3rd period - Shot by Philippe Boucher.
15:05 of 3rd period - Shot Blocked by Aaron Miller.
15:07 of 3rd period - Shot by Jozef Stumpel.
15:07 of 3rd period - Deflect By Marian Gaborik.
15:07 of 3rd period - Shot Blocked by Aaron Ward.
15:11 of 3rd period - Shot by Joe Sakic.
15:11 of 3rd period - Shot Blocked by Aaron Miller.
15:13 of 3rd period - Shot by Michal Rozsival.
15:13 of 3rd period - Stopped by Cristobal Huet without a rebound.
15:14 of 3rd period - Joe Sakic wins face-off versus Eric Belanger in Hurricanes zone.
15:33 of 3rd period - Eric Belanger is hit by Joe Sakic and loses puck.
16:03 of 3rd period - Shot by Wes Walz.
16:03 of 3rd period - Shot Misses the Net.
16:07 of 3rd period - Shot by Wes Walz.
16:07 of 3rd period - Goal by Wes Walz - Wild : 3 - Hurricanes : 5.
16:08 of 3rd period - Rod Brind'Amour wins face-off versus Eric Staal in neutral zone.
16:21 of 3rd period - Shot by Brian Rolston.
16:21 of 3rd period - Shot Misses the Net.
16:23 of 3rd period - Shot by Brian Rolston.
16:23 of 3rd period - Stopped by Cristobal Huet without a rebound.
16:24 of 3rd period - Mikko Koivu wins face-off versus Wes Walz in Hurricanes zone.
16:39 of 3rd period - Shot by Mikael Samuelsson.
16:39 of 3rd period - Stopped by Cristobal Huet without a rebound.
16:40 of 3rd period - Rod Brind'Amour wins face-off versus Shawn Bates in Hurricanes zone.
17:23 of 3rd period - Off-side.
17:24 of 3rd period - Wes Walz wins face-off versus Eric Staal in neutral zone.
17:43 of 3rd period - Shot by Eric Staal.
17:43 of 3rd period - Shot Blocked by Wes Walz.
18:09 of 3rd period - Shot by Eric Staal.
18:09 of 3rd period - Shot Misses the Net.
18:12 of 3rd period - Icing by Philippe Boucher.
18:13 of 3rd period - Mikko Koivu wins face-off versus Wes Walz in Wild zone.
18:27 of 3rd period - Minor Penalty to Chris Higgins for Roughing.
18:28 of 3rd period - Patrick Rissmiller wins face-off versus Mikko Koivu in Hurricanes zone.
19:53 of 3rd period - Icing by Kevin Bieksa.
19:54 of 3rd period - Wes Walz wins face-off versus Mikko Koivu in Hurricanes zone.


Output by the SimonT Hockey Simulator (STHS) for Stephane Roy -- Original Page W3C XHTML 1.0 Valid